 Dungeon Crawl Stone Soup version 0.29-a0-398-ge13fd1374b (webtiles) character file.

Game seed: 5361730018056169645

9160 freelancePsychic the Prestidigitator (level 11, -1/67 (74) HPs)
             Began as a Gnoll Artificer on May 13, 2022.
             Was a High Priest of Ru.
             Slain by an orange demon (8 damage)
             ... led by Amaemon
             ... on level 1 of the Lair of Beasts.
             The game lasted 00:25:00 (12840 turns).

freelancePsychic the Prestidigitator (GnAr)        Turns: 12840, Time: 00:25:00

HP:   -1/67 (74)    AC:  2    Str: 11    XL:     11   Next: 42%
MP:   17/20         EV: 21    Int: 18    God:    Ru [*****.]
Gold: 892           SH:  0    Dex: 21    Spells: 19/22 levels left

rFire   . . .      SeeInvis .   y - +4 dagger "Morg" {pain, Will+ Int+5}
rCold   . . .      Faith    .   (no shield)
rNeg    . . .      Spirit   .   E - +0 steam dragon scales
rPois   .          Reflect  .   (no helmet)
rElec   .          Harm     .   q - +0 cloak
rCorr   .          Rampage  .   p - +0 pair of gloves
Will    .....                   (no boots)
Stlth   ++++......              C - amulet of regeneration
HPRegen 1.01/turn               t - ring "Boogaf" {Contam EV+4 Dex+6}
MPRegen 0.17/turn               m - ring of flight

@: lethally poisoned (-1 -> -1), exhausted, flying, slowed, drained, very slow
A: fangs 1, frail 1, inability to train armour, reduced AC 1, weak-willed 1,
strong nose, distributed training
a: Renounce Religion, Draw Out Power, Power Leap, Apocalypse


You were on level 1 of the Lair of Beasts.
You worshipped Ru.
Ru was extremely pleased with you.
You visited 2 branches of the dungeon, and saw 12 of its levels.

You collected 892 gold pieces.

Inventory:

Hand Weapons
 a - a +0 dagger of venom
 f - a +0 dagger
 y - the +4 dagger "Morg" (weapon) {pain, Will+ Int+5}
   (You found it on level 5 of the Dungeon)

   In the hands of one skilled in necromantic magic, it inflicts extra damage on
   living creatures.
   Int:       It affects your intelligence (+5).
   Will:      It increases your willpower.
Missiles
 e - 6 throwing nets
 h - 2 boomerangs of dispersal
 D - 5 poisoned darts (quivered)
 I - a curare-tipped dart
 N - 5 javelins
 O - 3 boomerangs
Armour
 p - a +0 pair of gloves (worn)
 q - a +0 cloak (worn)
 E - +0 steam dragon scales (worn)
Magical Staves
 l - a staff of fire
Jewellery
 m - a ring of flight (right hand)
 t - the ring "Boogaf" (left hand) {Contam EV+4 Dex+6}
   (You acquired it on level 2 of the Dungeon)

   [ring of evasion]

   EV:        It affects your evasion (+4).
   Dex:       It affects your dexterity (+6).
   Contam:    It causes magical contamination when unequipped.
 C - an amulet of regeneration (around neck)
 Q - an amulet of magic regeneration
Wands
 b - a wand of paralysis (12)
 d - a wand of charming (11)
 H - a wand of digging (1)
 K - a wand of iceblast (8)
 M - a wand of flame (5)
Scrolls
 c - a scroll of brand weapon
 j - 2 scrolls of teleportation {@r4}
 n - 5 scrolls of enchant weapon
 r - a scroll of silence
 u - 2 scrolls of magic mapping
 G - a scroll of fog
 J - a scroll of enchant armour
 L - a scroll of fear
Potions
 g - a potion of ambrosia {unknown}
 k - 3 potions of degeneration
 o - 4 potions of attraction
 v - 2 potions of lignification {unknown}
 w - 4 potions of might
 x - a potion of haste {unknown}
 z - a potion of mutation {unknown}
 A - 2 potions of flight {unknown}
 B - a potion of brilliance {unknown}
 F - a potion of invisibility {unknown}


   Skills:
 + Level 6.8 Fighting
 + Level 6.2 Short Blades
 + Level 6.2 Long Blades
 + Level 6.2 Axes
 + Level 6.2 Maces & Flails
 + Level 6.2 Polearms
 + Level 6.2 Staves
 + Level 6.2 Slings
 + Level 6.2 Bows
 + Level 6.2 Crossbows
 + Level 6.2 Throwing
   Level 0.0 Armour
 + Level 6.8 Dodging
 + Level 6.7 Stealth
 + Level 6.2 Shields
 + Level 6.2 Unarmed Combat
 + Level 6.2 Spellcasting
 + Level 5.2 Conjurations
 + Level 5.2 Hexes
 + Level 5.2 Summonings
 + Level 5.2 Necromancy
 + Level 5.2 Translocations
 + Level 5.2 Transmutations
 + Level 5.2 Fire Magic
 + Level 5.2 Ice Magic
 + Level 5.2 Air Magic
 + Level 5.2 Earth Magic
 + Level 5.2 Poison Magic
 + Level 6.9 Invocations
 + Level 9.2 Evocations


You had 19 spell levels left.
You knew the following spells:

 Your Spells              Type           Power      Damage    Failure   Level
a - Vampiric Draining     Necr           24%        2d7       4%          3

Your spell library contained the following spells:

 Spells                   Type           Power      Damage    Failure   Level
 Pain                     Necr           96%        1d8       1%          1
 Slow                     Hex            96%        N/A       1%          1
 Confusing Touch          Hex            24%        N/A       4%          3
 Gell's Gravitas          Tloc           24%        N/A       4%          3
 Lesser Beckoning         Tloc           24%        N/A       4%          3
 Teleport Other           Tloc           24%        N/A       4%          3
 Agony                    Necr           24%        N/A       36%         5
 Excruciating Wounds      Necr           12%        N/A       36%         5
 Dispersal                Tloc           12%        N/A       91%         6


Dungeon Overview and Level Annotations

Branches:
Dungeon (11/15)            Temple (0/1) D:7            Lair (1/6) D:10
    Orc (0/2) D:9

Altars:
Fedhas
Gozag
Hepliaklqana
Makhleb
Okawaru
Ru
Trog
Vehumet
Zin

Shops:
D:10 *

Annotations:
D:4 Dowan, Duvessa


Innate Abilities, Weirdness & Mutations

You have very sharp teeth.
You are frail. (-10% HP)
You cannot train Armour skill.
You take slightly more damage. (AC -5)
You are slightly weak-willed. (Will-)
Your uncanny sense of smell can sniff out nearby items.
Your experience applies equally to all skills.


Message History

The orange demon stings you from afar! The black mamba closely misses you.
The black mamba misses you.
Aiming: Charm
Press: ? - help, Shift-Dir - straight line, f/p - orange demon
Aim: an orange demon (heavily wounded, concentrated venom, chance to affect: 35%)
The black mamba is charmed.
The water moccasin bites your black mamba but does no damage.
The water moccasin misses your black mamba.
The water moccasin bites your black mamba but does no damage.
Your black mamba bites the water moccasin!
The water moccasin dies!
The orange demon stings you but does no damage.
The orange demon stings you from afar!
* * * LOW HITPOINT WARNING * * *
You are poisoned.
You have difficulty breathing.
* * * LOW HITPOINT WARNING * * *
You feel as though you will be slow longer.
You feel very sick. The orange demon barely misses you.
Okay, then.
You feel very sick. The orange demon misses you.
What are your orders? t - Bark!
Orders for allies: a - Attack new target. p - Attack previous target. r - Retreat! s - Stop attacking. g - Guard the area. f - Follow me.
Anything else - Cancel.
Gang up on whom?
Press: ? - help, Dir - move target, f/p - orange demon
Aim: an orange demon (heavily wounded, concentrated venom) Attack!
You feel very sick.
Your black mamba barely misses the orange demon.
Your black mamba bites the orange demon!
The orange demon is poisoned.
Your black mamba poisons the orange demon!
The orange demon stings you from afar!
You die...

#...# #.#
#<### #...#
#.##†......
##.#
.######
#..# .#
#.## .# #@#
.# #S# .#
#4# .#
#)###.#
##.....###
#..........
#.......###
#>......#
#.......P#


You could see an orange demon (curare, very poisoned, ally target) and a
friendly black mamba (charmed).

Vanquished Creatures
  A hydra (D:8)
  Amaemon (Lair:1)
  Pikel (D:8)
  Maggie (D:6)
  A kobold demonologist (D:9)
  A troll (D:9)
  8 yaks
  A wraith (D:10)
  3 wyverns
  3 vampire mosquitoes (D:10)
  2 steam dragons
  3 wargs (D:10)
  An ice beast (D:6)
  4 orc warriors
  2 sky beasts
  2 ogres (D:5)
  3 centaurs
  2 phantoms (D:6)
  A gnoll sergeant (D:4)
  4 scorpions
  A kobold brigand (D:8)
  2 necrophages
  3 wights (D:4)
  9 killer bees
  2 howler monkeys
  3 electric eels (D:9)
  3 gnoll shamans
  5 orc priests
  6 hounds
  3 iron imps (D:9)
  Ijyb (D:3)
  3 iguanas
  9 orc wizards
  35 gnolls
  6 adders
  2 shadow imps
  3 worms
  A dart slug (D:1)
  45 orcs
  6 endoplasms
  3 goblins
  8 hobgoblins
  12 jackals (D:4)
  8 kobolds
  4 quokkas
  6 ball pythons
  5 bats
  A frilled lizard (D:3)
  4 rats
244 creatures vanquished.

Vanquished Creatures (collateral kills)
  4 yaks (D:9)
  A water moccasin (Lair:1)
  An orc warrior (D:9)
  A centaur (D:9)
  An orc wizard (D:5)
  3 gnolls
  2 orcs (D:9)
  An endoplasm (D:3)
  A frilled lizard (D:3)
15 creatures vanquished.

Vanquished Creatures (others)
  A yak (D:9)
  A wight (D:4)
  An orc priest (D:5)
  2 gnolls
  A fungus (Lair:1)
  4 plants
10 creatures vanquished.

Grand Total: 269 creatures vanquished

Notes
Turn   | Place    | Note
-------+----------+-------------------------------------------
     0 | D:1      | freelancePsychic the Gnoll Artificer began the quest for
                  | the Orb.
     0 | D:1      | Reached XP level 1. HP: 17/17 MP: 1/1
   355 | D:1      | Reached XP level 2. HP: 23/23 MP: 2/2
  1509 | D:1      | Reached XP level 3. HP: 28/28 MP: 3/3
  2063 | D:2      | Reached skill level 1 in Invocations
  2216 | D:2      | Identified a scroll of acquirement
  2217 | D:2      | Acquired the ring "Boogaf" {Contam EV+4 Dex+6}
  2237 | D:2      | Found a faded altar of an unknown god.
  2366 | D:2      | Reached skill level 1 in Short Blades
  2366 | D:2      | Reached skill level 1 in Long Blades
  2366 | D:2      | Reached skill level 1 in Axes
  2366 | D:2      | Reached skill level 1 in Maces & Flails
  2366 | D:2      | Reached skill level 1 in Polearms
  2366 | D:2      | Reached skill level 1 in Staves
  2366 | D:2      | Reached skill level 1 in Slings
  2366 | D:2      | Reached skill level 1 in Bows
  2366 | D:2      | Reached skill level 1 in Crossbows
  2366 | D:2      | Reached skill level 1 in Throwing
  2366 | D:2      | Reached skill level 1 in Shields
  2366 | D:2      | Reached skill level 1 in Unarmed Combat
  2366 | D:2      | Reached skill level 1 in Spellcasting
  2797 | D:2      | Prayed at the altar of an unknown god.
  2797 | D:2      | Became a worshipper of Ru the Awakened
  2800 | D:2      | Gained mutation: You are slightly weak-willed. (Will-) [Ru
                  | sacrifice]
  2800 | D:2      | Reached * piety under Ru
  2883 | D:2      | Reached XP level 4. HP: 21/34 MP: 5/5
  3298 | D:3      | Reached skill level 1 in Conjurations
  3298 | D:3      | Reached skill level 1 in Hexes
  3298 | D:3      | Reached skill level 1 in Summonings
  3298 | D:3      | Reached skill level 1 in Necromancy
  3298 | D:3      | Reached skill level 1 in Translocations
  3298 | D:3      | Reached skill level 1 in Transmutations
  3298 | D:3      | Reached skill level 1 in Fire Magic
  3298 | D:3      | Reached skill level 1 in Ice Magic
  3298 | D:3      | Reached skill level 1 in Air Magic
  3298 | D:3      | Reached skill level 1 in Earth Magic
  3298 | D:3      | Reached skill level 1 in Poison Magic
  3390 | D:3      | Noticed Ijyb
  3401 | D:3      | Killed Ijyb
  3402 | D:3      | Reached XP level 5. HP: 17/40 MP: 5/7
  3721 | D:3      | Found an opulent altar of Gozag.
  3785 | D:3      | Found an iron altar of Okawaru.
  3916 | D:4      | Reached XP level 6. HP: 20/46 MP: 8/8
  4233 | D:4      | Noticed Duvessa
  4233 | D:4      | Noticed Dowan
  4264 | D:4      | Reached skill level 5 in Armour
  4683 | D:4      | Reached XP level 7. HP: 17/52 MP: 10/10
  4755 | D:4      | Reached skill level 7 in Evocations
  5383 | D:4      | Noticed a wyvern
  5394 | D:4      | Killed a wyvern
  5395 | D:4      | Reached XP level 8. HP: 23/60 MP: 12/12
  5975 | D:4      | Gained mutation: You cannot train Armour skill. [Ru
                  | sacrifice]
  5975 | D:4      | Reached ** piety under Ru
  5975 | D:4      | Reached *** piety under Ru
  6131 | D:5      | Entered Level 5 of the Dungeon
  6147 | D:5      | Found the +4 dagger "Morg" {pain, Will+ Int+5}
  6639 | D:5      | Learned a level 3 spell: Vampiric Draining
  7382 | D:6      | Reached XP level 9. HP: 66/66 MP: 14/14
  7701 | D:6      | Reached skill level 5 in Fighting
  7701 | D:6      | Reached skill level 5 in Dodging
  7871 | D:6      | Noticed Maggie
  7884 | D:6      | Killed Maggie
  7885 | D:6      | Reached skill level 5 in Stealth
  8042 | D:7      | Reached skill level 8 in Evocations
  8210 | D:7      | Reached skill level 5 in Invocations
  8300 | D:7      | Gained mutation: You take slightly more damage. (AC -5) [Ru
                  | sacrifice]
  8300 | D:7      | Reached **** piety under Ru
  8734 | D:7      | Found a staircase to the Ecumenical Temple.
  9127 | D:8      | Reached XP level 10. HP: 61/74 MP: 6/17
  9198 | D:8      | Found a hazy altar of Hepliaklqana.
  9547 | D:8      | Noticed Pikel
  9591 | D:8      | Killed Pikel
  9592 | D:8      | Reached skill level 5 in Short Blades
  9592 | D:8      | Reached skill level 5 in Long Blades
  9592 | D:8      | Reached skill level 5 in Axes
  9592 | D:8      | Reached skill level 5 in Maces & Flails
  9592 | D:8      | Reached skill level 5 in Polearms
  9592 | D:8      | Reached skill level 5 in Staves
  9592 | D:8      | Reached skill level 5 in Slings
  9592 | D:8      | Reached skill level 5 in Bows
  9592 | D:8      | Reached skill level 5 in Crossbows
  9592 | D:8      | Reached skill level 5 in Throwing
  9592 | D:8      | Reached skill level 5 in Shields
  9592 | D:8      | Reached skill level 5 in Unarmed Combat
  9592 | D:8      | Reached skill level 5 in Spellcasting
  9701 | D:8      | Noticed a six-headed hydra
  9708 | D:8      | Killed a six-headed hydra
  9926 | D:9      | Found a blossoming altar of Fedhas.
 10009 | D:9      | Noticed a kobold demonologist
 10021 | D:9      | Killed a kobold demonologist
 10263 | D:9      | Found a bloodstained altar of Trog.
 10266 | D:9      | Found a sacrificial altar of Ru.
 10301 | D:9      | Found a staircase to the Orcish Mines.
 10977 | D:9      | Found a burning altar of Makhleb.
 11048 | D:9      | Found a glowing silver altar of Zin.
 11229 | D:10     | Entered Level 10 of the Dungeon
 11250 | D:10     | Found Gankoija's General Store.
 11405 | D:10     | Reached XP level 11. HP: 60/83 MP: 1/19
 11541 | D:10     | Found a staircase to the Lair.
 11683 | D:10     | Reached skill level 9 in Evocations
 11814 | D:10     | Gained mutation: You are frail. (-10% HP) [Ru sacrifice]
 11814 | D:10     | Reached ***** piety under Ru
 12077 | D:10     | Reached skill level 5 in Conjurations
 12077 | D:10     | Reached skill level 5 in Hexes
 12077 | D:10     | Reached skill level 5 in Summonings
 12077 | D:10     | Reached skill level 5 in Necromancy
 12077 | D:10     | Reached skill level 5 in Translocations
 12077 | D:10     | Reached skill level 5 in Transmutations
 12077 | D:10     | Reached skill level 5 in Fire Magic
 12077 | D:10     | Reached skill level 5 in Ice Magic
 12077 | D:10     | Reached skill level 5 in Air Magic
 12077 | D:10     | Reached skill level 5 in Earth Magic
 12077 | D:10     | Reached skill level 5 in Poison Magic
 12261 | D:10     | Found a radiant altar of Vehumet.
 12689 | Lair:1   | Entered Level 1 of the Lair of Beasts
 12800 | Lair:1   | Noticed Amaemon
 12831 | Lair:1   | Killed Amaemon
 12840 | Lair:1   | Slain by an orange demon

Illustrated notes

Levels and vault maps discovered:
D:1:      minmay_arrival_nine_rooms, layout_loops_corners, minivault_24,
          serial_bayou_pond_d, minmay_3d_cube
D:2:      minmay_wonky_spiral, layout_loops_ring,
          shapermc_ecumenical_altar_notcrosses
D:3:      layout_rooms, general_overflow_altar, mainiacjoe_overflow_alcove_1,
          uniq_ijyb
D:4:      lemuel_castle_with_subvaults [lemuel_castle_interior_original],
          layout_basic, uniq_duvessa
D:5:      layout_loops_cross
D:6:      layout_basic, uniq_maggie
D:7:      layout_layer_cave, minmay_temple_entry_trees
D:8:      layout_basic, amcnicky_altar_gilded, uniq_pikel
D:9:      layout_roguey, demons_altar, lemuel_doored_altar,
          nicolae_overflow_squiral, fedhas_altar_2, orc_david_3, serial_bayou,
          serial_bayou_pond_e, serial_bayou_shore_b, serial_bayou_pond_c,
          serial_bayou_pond_e
D:10:     layout_basic, lemuel_coloured_pillars_altar,
          erik_lair_orcish_takeover, serial_shops, nicolae_shop_stone
D:11:     layout_layer_cave
Lair:1:   layout_loops_ring, uniq_amaemon

Skill      XL: |  1  2  3  4  5  6  7  8  9 10 11 |
---------------+----------------------------------+-----
Invocations    | 1 2 3 4 5 6 |  6.9
Short Blades   | 1 2 3 4 5 6 |  6.2
Long Blades    | 1 2 3 4 5 6 |  6.2
Axes           | 1 2 3 4 5 6 |  6.2
Maces & Flails | 1 2 3 4 5 6 |  6.2
Polearms       | 1 2 3 4 5 6 |  6.2
Staves         | 1 2 3 4 5 6 |  6.2
Slings         | 1 2 3 4 5 6 |  6.2
Bows           | 1 2 3 4 5 6 |  6.2
Crossbows      | 1 2 3 4 5 6 |  6.2
Throwing       | 1 2 3 4 5 6 |  6.2
Shields        | 1 2 3 4 5 6 |  6.2
Unarmed Combat | 1 2 3 4 5 6 |  6.2
Spellcasting   | 1 2 3 4 5 6 |  6.2
Conjurations   | 1 2 3 4 5 |  5.2
Hexes          | 1 2 3 4 5 |  5.2
Summonings     | 1 2 3 4 5 |  5.2
Necromancy     | 1 2 3 4 5 |  5.2
Translocations | 1 2 3 4 5 |  5.2
Transmutations | 1 2 3 4 5 |  5.2
Fire Magic     | 1 2 3 4 5 |  5.2
Ice Magic      | 1 2 3 4 5 |  5.2
Air Magic      | 1 2 3 4 5 |  5.2
Earth Magic    | 1 2 3 4 5 |  5.2
Poison Magic   | 1 2 3 4 5 |  5.2
Fighting       | 3 4 5 6 |  6.8
Dodging        | 3 4 5 6 |  6.8
Stealth        | 3 4 5 6 |  6.7
Armour         | 5 0 |  0.0
Evocations     | 7 8 9 |  9.2

Action                   |  1- 3 |  4- 6 |  7- 9 | 10-12 || total
-------------------------+-------+-------+-------+-------++-------
Melee: Dagger            |    81 |   119 |   395 |   239 ||   834
       Club              |     4 |       |       |       ||     4
       Bite              |    15 |    20 |    53 |    26 ||   114
       Punch             |     3 |       |    17 |     8 ||    28
       Quarterstaff      |    49 |    34 |       |       ||    83
Throw: Dart              |       |       |    15 |     6 ||    21
 Cast: Vampiric Draining |       |       |    19 |    46 ||    65
Invok: Sacrifice Essence |     1 |       |       |       ||     1
       Sacrifice Durabil |       |       |     1 |       ||     1
       Sacrifice Health  |       |       |     1 |     1 ||     2
       Draw Out Power    |       |       |       |     4 ||     4
       Apocalypse        |       |       |       |     2 ||     2
Evoke: Wand              |     8 |    12 |    20 |    15 ||    55
  Use: Scroll            |     3 |     4 |     4 |     3 ||    14
       Potion            |       |     2 |     1 |     1 ||     4
 Stab: Sleeping          |     5 |     3 |     9 |     3 ||    20
       Distracted        |       |       |     2 |     4 ||     6
       Paralysed         |       |       |       |     3 ||     3
       Invisible         |       |       |       |     1 ||     1
Armor: Leather armour    |    29 |    21 |    19 |       ||    69
       Steam dragon scal |       |       |    29 |    10 ||    39
Dodge: Dodged            |   106 |   105 |   267 |   195 ||   673

Table legend: (Time is in decaauts)
 A = Elapsed time spent in this place.
 B = Non-inter-level travel time spent in this place.
 C = Inter-level travel time spent in this place.
 D = Time resting spent in this place.
 E = Time spent auto-exploring this place.
 F = Levels seen in this place.
 G = Mean time per level.
                   A        B        C        D        E       F      G
               +--------+--------+--------+--------+--------+-----+--------+
         Total |  12726 |  12299 |    427 |    187 |   9814 |  12 | 1060.5 |
       Dungeon |  12586 |  12159 |    427 |    187 |   9756 |  11 | 1144.2 |
          Lair |    140 |    140 |      0 |      0 |     58 |   1 |  140.0 |
               +--------+--------+--------+--------+--------+-----+--------+

Top non-repeatable levels by time:
     D:4: 2300 daAuts
     D:1: 1789 daAuts
    D:10: 1385 daAuts
     D:2: 1380 daAuts
     D:9: 1309 daAuts
     D:5: 1219 daAuts
     D:8: 1084 daAuts
     D:7: 776 daAuts
     D:3: 672 daAuts
     D:6: 626 daAuts
  Lair:1: 140 daAuts
    D:11: 41 daAuts
